 Dungeon Crawl Stone Soup version 0.30.1-4-g462c640d31 (webtiles) character file.

Game seed: 14189894526453722199

291 Babbit the Covered (level 6, -5/55 HPs)
             Began as a Minotaur Fighter on Aug 31, 2023.
             Slain by Grinder (6 damage)
             ... on level 3 of the Dungeon.
             The game lasted 00:04:59 (1550 turns).

Babbit the Covered (Minotaur Fighter)               Turns: 1550, Time: 00:05:00

Health: -5/55      AC:  0    Str: 22    XL:     6   Next: 10%
Magic:  0/5        EV: 13    Int:  5    God:
Gold:   140        SH:  0    Dex: 10    Spells: 5/5 levels left

rFire   . . .        a - melded +0 war axe
rCold   . . .        c - melded +0 buckler
rNeg    . . .        o - melded +1 scale mail {rPois}
rPois   .            (helmet currently unavailable)
rElec   .            (cloak currently unavailable)
rCorr   .            (gloves currently unavailable)
SInv    .            (boots currently unavailable)
Will    .....        g - amulet of the acrobat
Stlth   +            h - melded +6 ring of dexterity
HPRegen 0.29/turn    k - melded ring of magical power
MPRegen 0.09/turn

%: acrobat
@: pig-form, very slow
A: fast, no casting, small, (horns 2), (retaliatory headbutt)
a: no special abilities


You were on level 3 of the Dungeon.
You were a filthy swine.
You visited 1 branch of the dungeon, and saw 3 of its levels.

You collected 140 gold pieces.

Inventory:

Hand Weapons
 a - a +0 war axe (melded)
Armour
 c - a +0 buckler (melded)
 o - a +1 scale mail of poison resistance (melded)
Jewellery
 g - an amulet of the acrobat (around neck)
 h - a +6 ring of dexterity (melded)
 k - a ring of magical power (melded)
Wands
 l - a wand of digging (3)
Scrolls
 e - a scroll of identify {unknown}
 i - a scroll of blinking {unknown}
 j - a scroll of amnesia {unknown}
 n - a scroll of vulnerability {unknown}
 p - 2 scrolls of teleportation {unknown}
Potions
 b - a potion of flight {unknown}
 d - 2 potions of might
 f - a potion of curing {unknown}
 m - a potion of invisibility {unknown}


   Skills:
 + Level 4.8 Fighting
 + Level 4.8 Axes
 + Level 5.6 Armour
 + Level 0.5 Dodging
 + Level 4.4 Shields


You had 5 spell levels left.
You didn't know any spells.
Your spell library contained the following spells:

 Spells                   Type           Power      Damage    Failure   Level
 Sandblast                Erth           0%         2d4       47%         1
 Lesser Beckoning         Tloc           0%         N/A       63%         2
 Passwall                 Tmut/Erth      0%         N/A       63%         2
 Gell's Gravitas          Tloc           0%         N/A       85%         3
 Stone Arrow              Conj/Erth      0%         3d7       85%         3
 Teleport Other           Tloc           0%         N/A       85%         3


Dungeon Overview and Level Annotations

Branches:
Dungeon (3/15)

Altars:
Kikubaaqudgha
The Shining One

Shops:
D:1 *

Annotations:
D:3 Grinder


Innate Abilities, Weirdness & Mutations

You are a filthy swine.
You move quickly.
Your equipment is almost entirely melded.
You are incapable of wielding weapons or throwing items.
You cannot cast spells.
((You have a pair of horns on your head.))
((You reflexively headbutt those who attack you in melee.))


Message History

Moving in this stuff is going to be slow.
The kobold hits you but does no damage. The worm bites you!
The kobold splashes around in the water.
Grinder gestures at you.
You suddenly lose the ability to move!
The kobold splashes around in the water.
Grinder gestures at you. You resist with significant effort.
The kobold hits you but does no damage.
The kobold splashes around in the water.
You can move again.
You closely miss Grinder.
Grinder is lightly wounded.
You hit the kobold. You hit the worm. The worm misses you.
The kobold closely misses you. You furiously retaliate!
You headbutt the kobold.
You kill the kobold!
You hear a splash. x2
Grinder grins, showing sharp teeth.
Grinder hits you but does no damage.
You hit Grinder but do no damage.
Grinder is lightly wounded.
You hit the worm.
Grinder zaps a wand.
You turn into a filthy swine.
Your +0 war axe melds into your body.
Your +0 buckler melds into your body.
Your +1 scale mail of poison resistance melds into your body.
Your +6 ring of dexterity melds into your body.
Your ring of magical power melds into your body.
You no longer feel resistant to poison.
You feel clumsy.
You feel your magic capacity decrease. The worm bites you.
Your unstable footing causes you to fumble your attack.
Grinder hits you!
You writhe in agony.
* * * LOW HITPOINT WARNING * * *
Your unstable footing causes you to fumble your attack.
The worm bites you!
* * * LOW HITPOINT WARNING * * *
Grinder hits you.
* * * LOW HITPOINT WARNING * * *
You writhe in agony.
You die...

#....._...#.# ##
#......#....# ###
######.#..#.# #..
#≈#...#########..
########≈# ### #......
......#≈≈## #._....
.......≈≈~##### #......
.......≈≈.##..#######.#.
......5h~.##.....##...#.
......~)w........###...†
.......≈~.~......####..#
....~..~~.~...†..†....##
....~..~~.~..........>##
.......~~~..=.......(...
.......~≈..###...:......
####..(~................
#.[.~~~..##.##.##....


You could see Grinder and a worm.

Vanquished Creatures
  Sigmund (D:2)
  Robin (D:2)
  5 adders
  A gnoll (D:1)
  A worm (D:2)
  5 dart slugs
  2 bats (D:1)
  3 endoplasms
  3 giant cockroaches
  10 goblins
  9 hobgoblins
  5 kobolds
  2 ball pythons (D:2)
  3 frilled lizards (D:3)
  4 rats
55 creatures vanquished.

Notes
Turn   | Place    | Note
-------+----------+-------------------------------------------
     0 | D:1      | Babbit the Minotaur Fighter began the quest for the Orb.
     0 | D:1      | Reached XP level 1. HP: 19/19 MP: 0/0
   152 | D:1      | Reached XP level 2. HP: 27/27 MP: 1/1
   187 | D:1      | Found Qoamylaq's Assorted Antiques.
   224 | D:1      | Reached skill level 4 in Armour
   542 | D:1      | Reached XP level 3. HP: 33/33 MP: 2/2
  1046 | D:2      | Noticed Sigmund
  1056 | D:2      | Killed Sigmund
  1057 | D:2      | Reached skill level 5 in Armour
  1057 | D:2      | Reached XP level 4. HP: 16/41 MP: 3/3
  1057 | D:2      | Reached XP level 5. HP: 18/47 MP: 4/4
  1187 | D:2      | Noticed Robin
  1196 | D:2      | Killed Robin
  1217 | D:2      | Found a glowing golden altar of the Shining One.
  1412 | D:3      | Found a faded altar of an unknown god.
  1496 | D:3      | Reached XP level 6. HP: 51/55 MP: 5/5
  1508 | D:3      | Found an ancient bone altar of Kikubaaqudgha.
  1535 | D:3      | Noticed Grinder
  1544 | D:3      | Paralysed by Grinder for 3 turns
  1550 | D:3      | HP: 1/55 [Grinder (3)]
  1550 | D:3      | Slain by Grinder

Illustrated notes

Levels and vault maps discovered:
D:1:      ebering_hopf_link, layout_loops_cross, serial_shops,
          nicolae_diamond_shop
D:2:      layout_basic, basic_altar, uniq_sigmund, uniq_robin
D:3:      layout_basic, tgw_kikubaaqudgha, mainiacjoe_overflow_swirl,
          serial_rivers, chequers_serial_rivers_large_b,
          chequers_serial_rivers_micro_c, chequers_serial_rivers_small_3,
          chequers_serial_rivers_micro_a, chequers_serial_rivers_micro_c,
          chequers_serial_rivers_micro_b, basic_ecumenical_altar,
          hellmonk_no_cap, uniq_grinder

Skill      XL: |  1  2  3 |
---------------+----------+-----
Armour         | 4 5 |  5.6
Shields        | 4 |  4.4
Fighting       | 4 |  4.8
Axes           | 4 |  4.8
Dodging        | |  0.5

Action                     |  1- 3 |  4- 6 || total
---------------------------+-------+-------++-------
  Melee: War axe           |    51 |    45 ||    96
         Headbutt          |     9 |     7 ||    16
         Unarmed           |       |     2 ||     2
 Armour: Scale mail        |    16 |    20 ||    36
  Dodge: Dodged            |    20 |    29 ||    49
  Block: Buckler           |     8 |     7 ||    15
